AoeStats
← Thorfinn

Arabia

509512671Analyzed
1v1 RM · 6d ago on Sep 27, 2026· 39m 13s· 2 players
Game mode
Random Map
Map size
Tiny (2 player)
Population
200
Speed
Normal
Resources
Standard
Victory
Conquest
Starting age
Dark Age
Ending age
Imperial Age
RankedLock teamsTeams togetherTeam positionsShared explorationLock speedFull tech treeHidden civsTurbo modeCheats
Victory
Defeat
🇹🇼 Jurchens · Taiwan
1011
+15
🇺🇾 Vikings · Uruguay
996
-15
Thorfinn
7:42 Loom
10:12 Feudal Age
10:49 Double-Bit Axe
13:16 Horse Collar
19:09 Town Watch
21:54 Castle Age
19:59 Gold Mining
20:49 Padded Archer Armor
22:57 Leather Archer Armor
22:59 Fletching
24:01 Gold Shaft Mining
24:07 Bodkin Arrow
28:05 Bow Saw
28:59 Elite Skirmisher
33:54 Stone Mining
37:08 Scale Mail Armor
37:18 Forging
41:09 Imperial Age
Katsu
6:31 Loom
9:31 Feudal Age
11:26 Double-Bit Axe
21:23 Castle Age
19:58 Fletching
21:58 Scale Barding Armor
21:54 Padded Archer Armor
22:57 Bodkin Arrow
23:53 Crossbowman
27:48 Bloodlines
29:02 Light Cavalry
31:00 Husbandry
33:31 Horse Collar
35:14 Chain Barding Armor
34:40 Town Watch
36:27 Wheelbarrow
38:55 Bow Saw
Connection lost

Rejoining the realm…

Still unreachable

The connection could not be restored.

Session expired

The server has moved on; the page needs a fresh start.